[Event "Titled Tuesday Blitz April 11 Early 2023"]
[White "Levitan, Caleb Levi"]
[Black "Ljukin, Sergei"]
[WhiteFideId "14332620"]
[BlackFideId "14102200"]
[WhiteElo "1963"]
[BlackElo "2312"]
[Result "0-1"]
[Round "05"]
[TimeControl "180+2"]
[Date "2023.04.11"]
[WhiteClock "0:00:01"]
[BlackClock "0:00:03"]

1. e4 e6 2. d4 d5 3. Nc3 Bb4 4. e5 Ne7 5. Bd2 b6 6. a3 Bxc3 7. Bxc3 c5 8. f4 Nf5 9. Nf3 Ne3 10. Bb5+ Bd7 11. Bxd7+ Nxd7 12. Qe2 Nf5 13. O-O O-O 14. Qf2 Rc8 15. g4 Nxd4 16. Bxd4 cxd4 17. Nxd4 Nc5 18. f5 f6 19. Nxe6 Nxe6 20. fxe6 fxe5 21. Qe2 Qd6 22. Rf5 e4 23. Rd1 Qxe6 24. Rdxd5 Rxf5 25. Rxf5 e3 26. c3 Rd8 27. Rf1 Rd2 28. Qf3 h6 29. Re1 e2 30. Qf4 Rxb2 31. Kg2 Rc2 32. Qf3 Qe5 33. h3 Rxc3 34. Qxe2 Qg3+ 35. Kh1 Qxh3+ 36. Qh2 Qf3+ 37. Qg2 Qxg2+ 38. Kxg2 Rxa3 39. Re7 Kh7 40. Rb7 Kg6 41. Rd7 b5 42. Rb7 a6 43. Kf2 Ra4 44. Kf3 Kf6 45. Kg3 g5 46. Kf3 Rf4+ 47. Kg3 Ra4 48. Rb6+ Ke5 49. Rxh6 Ra3+ 50. Kg2 Kf4 51. Rc6 Kxg4 52. Rd6 Ra2+ 53. Kf1 Kf4 54. Rd4+ Kg3 55. Rd3+ Kh4 56. Rd4+ g4 57. Kg1 Kh3 58. Rd8 b4 59. Rb8 a5 60. Rd8 b3 61. Rd3+ g3 62. Rd1 b2 63. Kh1 Ra1 0-1


[Site "https://www.chess.com"]

[Event "Titled Tuesday Blitz April 11 Early 2023"]
[White "Demin, Vladimir"]
[Black "Barwinska, Ewa"]
[WhiteFideId "4167457"]
[BlackFideId "21833761"]
[WhiteElo "2547"]
[BlackElo "1908"]
[Result "1-0"]
[Round "05"]
[TimeControl "180+2"]
[Date "2023.04.11"]
[WhiteClock "0:00:12"]
[BlackClock "0:00:07"]

1. e4 c5 2. Nf3 d6 3. d4 cxd4 4. Qxd4 a6 5. Be3 Nc6 6. Qd2 Nf6 7. Nc3 Bg4 8. Nd4 Nxd4 9. Qxd4 e5 10. Qb6 Qxb6 11. Bxb6 Be7 12. f3 Be6 13. O-O-O O-O 14. g4 Rac8 15. h4 Rc6 16. Be3 b5 17. Bg5 Rfc8 18. Bd3 b4 19. Ne2 Bxa2 20. Kd2 Bc4 21. Rc1 d5 22. Ng3 dxe4 23. Nf5 Bd8 24. Bxe4 Nxe4+ 25. fxe4 Bxg5+ 26. hxg5 Rd8+ 27. Ke3 Rc7 28. Rh2 Be6 29. Rch1 h6 30. gxh6 g6 31. h7+ Kh8 32. Nh6 Rdc8 33. Rc1 a5 34. g5 a4 35. Ng8 a3 36. bxa3 bxa3 37. Nf6 Rc3+ 38. Kd2 a2 39. Rhh1 Ra3 40. Ra1 Rac3 41. Rhc1 R3c7 42. c3 Rd8+ 43. Kc2 Rb7 44. Nd5 Bxd5 45. exd5 Rxd5 46. Rxa2 Kxh7 47. Rh1+ Kg7 48. Ra8 Rbd7 49. Rhh8 Rd2+ 50. Kc1 f6 51. Rag8+ Kf7 52. Rf8+ Ke6 53. Rxf6+ Ke7 54. Rxg6 Rd1+ 55. Kc2 R1d2+ 56. Kb3 Rg2 57. Rg7+ Kd6 58. Rh6+ Kc7 59. Rgg6 Rdd2 60. Kc4 Rg4+ 61. Kc5 e4 62. Rc6+ Kb7 63. Rh7+ Kb8 64. Rg6 Rd8 65. Kb6 Rg1 66. Re7 Rb1+ 67. Kc6 Rc8+ 68. Kd5 Rb5+ 69. Kd4 e3 70. Rxe3 Rbc5 71. Re7 Rc4+ 72. Ke5 Rxc3 73. Rgg7 R3c5+ 74. Kf6 R8c6+ 75. Kf7 Rc7 76. Rg8+ Kb7 77. g6 Rxe7+ 78. Kxe7 Rc7+ 79. Kf6 Rc6+ 80. Kg5 Kb6 81. Rd8 Kc5 82. Rd1 Ra6 83. Kh6 Ra8 84. g7 Ra6+ 85. Kh7 Ra7 86. Kh8 1-0


[Site "https://www.chess.com"]

[Event "Titled Tuesday Blitz April 11 Early 2023"]
[White "De Souza, Cristiano Gomes"]
[Black "Kokoszczynski, Jan"]
[WhiteFideId "2151758"]
[BlackFideId "1174460"]
[WhiteElo "2068"]
[BlackElo "2139"]
[Result "1-0"]
[Round "05"]
[TimeControl "180+2"]
[Date "2023.04.11"]
[WhiteClock "0:00:29"]
[BlackClock "0:00:07"]

1. d4 Nf6 2. c4 e6 3. Nf3 d5 4. Nc3 Bb4 5. Bg5 h6 6. Bxf6 Qxf6 7. Rc1 O-O 8. e3 c5 9. dxc5 dxc4 10. Bxc4 Bxc5 11. O-O Qe7 12. Ne4 Bb6 13. Qd6 Qxd6 14. Nxd6 Nc6 15. Bb5 Rd8 16. Bxc6 bxc6 17. Rxc6 Bd7 18. Rcc1 Kf8 19. Rfd1 Ke7 20. Ne5 Ba4 21. b3 Rxd6 22. Rxd6 Kxd6 23. Nc4+ Ke7 24. bxa4 Rc8 25. Kf1 Rc5 26. Ke2 Bc7 27. Rc2 h5 28. h3 Rd5 29. Nd2 Ba5 30. Nb3 Bb6 31. Rd2 Re5 32. Nd4 Bxd4 33. Rxd4 Ra5 34. Kd3 Rc5 35. Rc4 Rd5+ 36. Kc3 Rd7 37. Rd4 Rc7+ 38. Kb3 g5 39. a5 a6 40. Rb4 f5 41. Rb6 g4 42. hxg4 fxg4 43. Rxa6 h4 44. Ra8 Rc5 45. a6 Rh5 46. a7 h3 47. gxh3 gxh3 48. Rg8 h2 49. a8=Q h1=Q 50. Rg7+ Kf6 51. Qxh1 Rxh1 52. Rc7 Re1 53. a4 Ke5 54. Rc2 Kd5 55. Kb4 Rb1+ 56. Ka5 e5 57. Ka6 Ke4 58. a5 Kd3 59. Rc5 e4 60. Rb5 Rf1 61. Rf5 Rb1 62. Ka7 Ke2 63. a6 Rb4 64. Ka8 Rb5 65. Rxb5 1-0


[Site "https://www.chess.com"]

[Event "Titled Tuesday Blitz April 11 Early 2023"]
[White "Horak, Martin"]
[Black "Kiseleva, Arina"]
[WhiteFideId "367095"]
[BlackFideId "4164989"]
[WhiteElo "2091"]
[BlackElo "1708"]
[Result "1-0"]
[Round "05"]
[TimeControl "180+2"]
[Date "2023.04.11"]
[WhiteClock "0:00:51"]
[BlackClock "0:00:10"]

1. e4 c6 2. Ne2 d5 3. e5 h5 4. d4 h4 5. h3 Bf5 6. g4 hxg3 7. Nxg3 Bd7 8. f4 e6 9. Qf3 Nh6 10. Bd3 g6 11. h4 Nf5 12. Nxf5 gxf5 13. h5 c5 14. dxc5 Qa5+ 15. c3 Qxc5 16. Be3 Qc7 17. Nd2 Nc6 18. Nb3 b6 19. O-O-O a5 20. Nd4 Nxd4 21. Bxd4 a4 22. a3 Bc5 23. Kb1 Ra5 24. h6 Bb5 25. h7 Bxd3+ 26. Qxd3 Bf8 27. Rdg1 Ra8 28. Rg8 1-0


[Site "https://www.chess.com"]

[Event "Titled Tuesday Blitz April 11 Early 2023"]
[White "Arpita, Mukherjee"]
[Black "Ruge, Edison"]
[WhiteFideId "5056403"]
[BlackFideId "4401000"]
[WhiteElo "2129"]
[BlackElo "2175"]
[Result "1-0"]
[Round "05"]
[TimeControl "180+2"]
[Date "2023.04.11"]
[WhiteClock "0:01:24"]
[BlackClock "0:00:35"]

1. e4 e5 2. Nf3 Nc6 3. Bb5 f5 4. d3 fxe4 5. dxe4 Nf6 6. O-O Bc5 7. Bxc6 bxc6 8. Nxe5 O-O 9. Nc3 Qe8 10. Nd3 Bd4 11. e5 Bxc3 12. bxc3 Nd5 13. c4 Ne7 14. Ba3 Ba6 15. Qg4 Bc8 16. Qg5 Rf7 17. f4 Nf5 18. g4 Ne3 19. Rfe1 Nxc4 20. Bc5 h6 21. Qh5 Nd2 22. Kg2 Ba6 23. Rad1 Nc4 24. f5 Rb8 25. e6 dxe6 26. Rxe6 Qd7 27. Ne5 1-0


[Site "https://www.chess.com"]

[Event "Titled Tuesday Blitz April 11 Early 2023"]
[White "Dylag, Emilia"]
[Black "Gurevich, Dmitry"]
[WhiteFideId "21805172"]
[BlackFideId "2000407"]
[WhiteElo "1878"]
[BlackElo "2506"]
[Result "0-1"]
[Round "05"]
[TimeControl "180+2"]
[Date "2023.04.11"]
[WhiteClock "0:00:07"]
[BlackClock "0:00:16"]

1. d4 Nf6 2. c4 a6 3. g3 c5 4. d5 b5 5. Qc2 d6 6. Bg2 g6 7. Nf3 Bf5 8. Qd1 Bg7 9. O-O O-O 10. Nbd2 Ne4 11. Nh4 Nxd2 12. Bxd2 Bd7 13. Bc3 bxc4 14. Bxg7 Kxg7 15. Qc2 Qb6 16. Rab1 a5 17. Qxc4 Qb4 18. Qc3+ f6 19. Nf3 Na6 20. Qe3 Rfe8 21. h4 Bf5 22. h5 Bxb1 23. Rxb1 Rab8 24. Qe6 Nc7 25. h6+ Kf8 26. Qd7 Qb7 27. Nh2 Qc8 28. Qc6 Nb5 29. Qxc8 Rexc8 30. Bh3 Rc7 31. b3 Nc3 32. Rb2 c4 33. Nf3 cxb3 34. axb3 a4 35. Nd4 Rcb7 36. Nc6 Rxb3 37. Rc2 Ra8 38. Nd4 Rb1+ 39. Kg2 Nxd5 40. Ne6+ Kg8 41. e4 a3 42. Ra2 Rb2 43. Ra1 a2 44. Nd4 Rb1 45. Nb3 Rxb3 46. Be6+ Kf8 47. Bxd5 Rb1 48. Rxa2 Rxa2 49. Bxa2 Re1 50. Bd5 e6 51. Bxe6 Rxe4 52. Bb3 Re5 53. Bc2 Rh5 54. g4 Rxh6 55. Be4 Ke7 56. Kg3 Ke6 57. f4 f5 58. Bf3 fxg4 59. Be4 Rh3+ 60. Kxg4 Re3 61. Bf3 Rxf3 62. Kxf3 Kf5 63. Ke3 h6 64. Kf3 h5 65. Ke3 h4 66. Kf3 h3 67. Kg3 h2 68. Kh3 h1=Q+ 69. Kg3 Qg1+ 70. Kh3 Qg4+ 71. Kh2 Kxf4 72. Kh1 Kf3 73. Kh2 Qg2# 0-1


[Site "https://www.chess.com"]

[Event "Titled Tuesday Blitz April 11 Early 2023"]
[White "lolliNOPE"]
[Black "Forgacs, Attila Jr."]
[BlackFideId "773654"]
[WhiteElo "2161"]
[BlackElo "2168"]
[Result "1-0"]
[Round "05"]
[TimeControl "180+2"]
[Date "2023.04.11"]
[WhiteClock "0:00:11"]
[BlackClock "0:00:02"]

1. e4 e5 2. Nc3 Nf6 3. f4 d5 4. fxe5 Nxe4 5. Nf3 Be7 6. Qe2 Nxc3 7. dxc3 c5 8. Bf4 Be6 9. O-O-O Nc6 10. h4 Qa5 11. Kb1 d4 12. c4 b5 13. Nd2 h5 14. g3 O-O 15. Bh3 Bxh3 16. Rxh3 Rfd8 17. cxb5 Nb4 18. a3 d3 19. cxd3 Nxd3 20. Nc4 Nxf4 21. gxf4 Qxb5 22. Rc3 Rd4 23. Rdc1 Rb8 24. R1c2 Rxf4 25. e6 Bxh4 26. exf7+ Rxf7 27. Qxh5 Rf1+ 28. Ka2 Bf6 29. Rh3 Rf4 30. Qd5+ Kf8 31. Rh8+ Ke7 32. Qd6+ Kf7 33. Qd5+ Kg6 34. Rg2+ Bg5 35. Qxg5+ Kf7 36. Qxg7+ Ke6 37. Re2+ Kd5 38. Qe5+ Kc6 39. Rh6+ Kb7 40. Qd5+ Kc8 41. Rh8+ Kc7 42. Re7+ Qd7 43. Rxd7# 1-0


[Site "https://www.chess.com"]

[Event "Titled Tuesday Blitz April 11 Early 2023"]
[White "Jumanov, Elbek"]
[Black "Semenova, Alina"]
[WhiteFideId "14202905"]
[BlackFideId "24113875"]
[WhiteElo "2055"]
[BlackElo "1833"]
[Result "1-0"]
[Round "05"]
[TimeControl "180+2"]
[Date "2023.04.11"]
[WhiteClock "0:00:47"]
[BlackClock "0:00:02"]

1. c4 Nf6 2. Nf3 g6 3. Nc3 Bg7 4. g3 O-O 5. Bg2 d6 6. O-O e5 7. d3 Nc6 8. Rb1 a5 9. a3 Nd7 10. b4 axb4 11. axb4 f5 12. b5 Ne7 13. Bb2 f4 14. Ne4 h6 15. Ra1 Rxa1 16. Qxa1 g5 17. c5 Nf6 18. cxd6 cxd6 19. Qa2+ Kh8 20. Nfd2 g4 21. Rc1 Nxe4 22. Bxe4 d5 23. Bg2 Be6 24. Qa7 Nf5 25. Qxb7 Rf7 26. Qc6 Bc8 27. Qxd5 Qxd5 28. Bxd5 Rf8 29. b6 Ba6 30. Ra1 1-0


[Site "https://www.chess.com"]

[Event "Titled Tuesday Blitz April 11 Early 2023"]
[White "Sailer, Mike"]
[Black "Vaibhav, Suri"]
[WhiteFideId "2012901"]
[BlackFideId "5045185"]
[WhiteElo "2109"]
[BlackElo "2510"]
[Result "0-1"]
[Round "05"]
[TimeControl "180+2"]
[Date "2023.04.11"]
[WhiteClock "0:00:29"]
[BlackClock "0:01:54"]

1. d4 d5 2. Bg5 c6 3. e3 Qb6 4. Qc1 h6 5. Bh4 e5 6. Nf3 e4 7. Nfd2 Ne7 8. c4 Nf5 9. Bg3 Nxg3 10. hxg3 Be6 11. cxd5 cxd5 12. Nc3 Nc6 13. Bb5 Rc8 14. O-O Bd6 15. a4 a6 16. a5 Qd8 17. Bxc6+ Rxc6 18. Qd1 h5 19. Nb3 Bg4 20. f3 Bxg3 21. fxg4 Qh4 22. Rf5 hxg4 23. Re5+ Kf8 0-1


[Site "https://www.chess.com"]

[Event "Titled Tuesday Blitz April 11 Early 2023"]
[White "Mazurkiewicz, Michal"]
[Black "Idani, Pouya"]
[WhiteFideId "1124943"]
[BlackFideId "12510130"]
[WhiteElo "2054"]
[BlackElo "2574"]
[Result "0-1"]
[Round "05"]
[TimeControl "180+2"]
[Date "2023.04.11"]
[WhiteClock "0:00:02"]
[BlackClock "0:00:05"]

1. e4 c5 2. Nf3 e6 3. d3 Nc6 4. g3 Nge7 5. Bg2 g6 6. O-O Bg7 7. Re1 O-O 8. e5 d6 9. exd6 Qxd6 10. Nbd2 b6 11. Nc4 Qd8 12. h4 Bb7 13. h5 b5 14. h6 Bh8 15. Ne3 Rc8 16. a4 a6 17. Ng4 Qd7 18. axb5 axb5 19. Nfe5 Nxe5 20. Nxe5 Bxe5 21. Rxe5 Bxg2 22. Kxg2 Nf5 23. c3 f6 24. Re4 Rfd8 25. Qb3 c4 26. dxc4 bxc4 27. Qc2 e5 28. Qe2 Qd5 29. f3 Nd6 30. Re3 Ra8 31. Rxa8 Rxa8 32. Qc2 Rd8 33. Re2 Nf5 34. Kf2 Qc5+ 35. Be3 Qb5 36. g4 Ne7 37. Rd2 Rd3 38. Rxd3 cxd3 39. Qd2 Nd5 40. b3 Qxb3 41. Qxd3 Kf7 42. Qd2 Ke6 43. Bc5 Qxc3 44. Qxc3 Nxc3 45. Be3 Nd5 46. Bd2 f5 47. gxf5+ gxf5 48. Kg3 Kf6 49. Bc1 Ne7 50. Kh4 Kg6 51. Bb2 Nc6 52. Bc3 Kxh6 53. Kg3 Kg6 54. Kh4 Kh6 55. Bd2+ Kg6 56. Bc3 Kf6 57. f4 Ke6 58. fxe5 Nxe5 59. Kh5 Nf7 60. Bd2 Kd5 0-1


[Site "https://www.chess.com"]

[Event "Titled Tuesday Blitz April 11 Early 2023"]
[White "Kopczynski, Michal"]
[Black "Manukyan, Sargis A."]
[WhiteFideId "1124200"]
[BlackFideId "13303970"]
[WhiteElo "2212"]
[BlackElo "2187"]
[Result "1-0"]
[Round "05"]
[TimeControl "180+2"]
[Date "2023.04.11"]
[WhiteClock "0:00:30"]
[BlackClock "0:00:14"]

1. e4 c5 2. d4 cxd4 3. c3 dxc3 4. Nxc3 Nc6 5. f4 d6 6. Nf3 Nf6 7. Bd3 g6 8. O-O Bg7 9. Kh1 O-O 10. Qe1 e5 11. f5 h6 12. fxg6 fxg6 13. Qh4 g5 14. Bxg5 hxg5 15. Nxg5 Nb4 16. Bc4+ d5 17. Nxd5 Nbxd5 18. Bxd5+ Qxd5 19. exd5 Bd7 20. Rac1 Rac8 21. Rxc8 Bxc8 22. d6 b5 23. h3 Bd7 24. Rc1 Rd8 25. Ne4 Rf8 26. Rc7 Nxe4 27. Rxd7 Nf6 28. Rxa7 e4 29. Qg5 Ne8 30. Rxg7+ Nxg7 31. d7 e3 32. d8=Q Rxd8 33. Qxd8+ Kf7 34. Qd5+ Ne6 35. Qf3+ Ke7 36. Qxe3 b4 37. h4 b3 38. axb3 Kd6 39. h5 Nc5 40. h6 Kc6 41. h7 Kb5 42. h8=Q Kb4 43. Qhc3+ Kb5 44. Qe2+ 1-0


[Site "https://www.chess.com"]

[Event "Titled Tuesday Blitz April 11 Early 2023"]
[White "Bas Mas, Jose Joaquin"]
[Black "HSH1987"]
[WhiteFideId "22219064"]
[WhiteElo "2233"]
[BlackElo "2674"]
[Result "0-1"]
[Round "05"]
[TimeControl "180+2"]
[Date "2023.04.11"]
[WhiteClock "0:00:06"]
[BlackClock "0:00:32"]

1. e4 e5 2. Bc4 Nf6 3. d3 Nc6 4. Nc3 Bb4 5. Ne2 d5 6. exd5 Nxd5 7. O-O Nxc3 8. bxc3 Bd6 9. Ng3 O-O 10. Re1 Na5 11. Bb3 Nxb3 12. axb3 a6 13. c4 Bd7 14. Bb2 f6 15. Ne4 Bc6 16. Nxd6 cxd6 17. d4 Rf7 18. Qd2 Qc8 19. Re3 Qf5 20. d5 Be8 21. Rf3 Qd7 22. Ba3 Rc8 23. Qb4 Rd8 24. Rd1 Qc7 25. h4 b6 26. Qd2 a5 27. Rg3 f5 28. f4 Qe7 29. fxe5 Qxe5 30. Re3 Qf6 31. Qf2 Bd7 32. Rde1 f4 33. Re4 h6 34. Rf1 Rdf8 35. Bc1 Qg6 36. Kh2 f3 0-1


[Site "https://www.chess.com"]

[Event "Titled Tuesday Blitz April 11 Early 2023"]
[White "Gatterer, Florian"]
[Black "Kaidanov, Gregory"]
[WhiteFideId "811688"]
[BlackFideId "2008564"]
[WhiteElo "2221"]
[BlackElo "2547"]
[Result "0-1"]
[Round "05"]
[TimeControl "180+2"]
[Date "2023.04.11"]
[WhiteClock "0:00:25"]
[BlackClock "0:01:34"]

1. d4 d5 2. Bf4 Nf6 3. Nf3 e6 4. e3 c5 5. Nbd2 Bd6 6. Ne5 Qc7 7. c3 O-O 8. Bd3 Nbd7 9. Ndf3 b6 10. O-O Bb7 11. Qe2 Ne4 12. Nxd7 Qxd7 13. Bxd6 Nxd6 14. Ne5 Qe7 15. Qc2 g6 16. f4 f6 17. Nf3 a5 18. Qe2 Ne4 19. Bxe4 dxe4 20. Nd2 Ba6 21. c4 cxd4 22. exd4 f5 23. Qe3 Rfd8 24. Rfc1 Qf6 25. c5 Rxd4 26. cxb6 Rd3 27. Qe1 Qd4+ 28. Kh1 Rxd2 0-1


[Site "https://www.chess.com"]

[Event "Titled Tuesday Blitz April 11 Early 2023"]
[White "Shukhman, Anna"]
[Black "Lehtosaari, Mauri"]
[WhiteFideId "54180058"]
[BlackFideId "501999"]
[WhiteElo "2125"]
[BlackElo "2524"]
[Result "1/2-1/2"]
[Round "05"]
[TimeControl "180+2"]
[Date "2023.04.11"]
[WhiteClock "0:00:16"]
[BlackClock "0:00:29"]

1. e4 d5 2. exd5 Qxd5 3. Nc3 Qd8 4. d4 Nf6 5. Nf3 Bg4 6. h3 Bxf3 7. Qxf3 c6 8. Be3 e6 9. Be2 Nbd7 10. O-O Bd6 11. Rad1 Qa5 12. a3 O-O 13. Ne4 Nxe4 14. Qxe4 Rfe8 15. c4 Rad8 16. Bd3 Nf6 17. Qh4 Qh5 18. Qxh5 Nxh5 19. g3 a6 20. Rfe1 Nf6 21. f4 h6 22. Kf2 Bc7 23. Kf3 Rd7 24. Bc2 Red8 25. Rd2 Ba5 26. b4 Bb6 27. Red1 Ne8 28. a4 Ba7 29. a5 Nd6 30. Bb3 Nf5 31. c5 Nxe3 32. Kxe3 Bb8 33. Kf3 Kf8 34. g4 g6 35. h4 Kg7 36. g5 Rh8 37. Kg4 Bc7 38. Re2 Bd8 39. Re4 Be7 40. Re2 Bf8 41. Re4 Kg8 42. Rde1 Kg7 43. Rd1 Be7 44. Re2 Rhd8 45. Re4 Kh7 46. Rd3 Bf8 47. h5 gxh5+ 48. Kxh5 Bg7 49. gxh6 Bf6 50. Rd1 Rxd4 51. Rdxd4 Rxd4 52. Rxd4 Bxd4 53. Bc2+ Kh8 54. Kg5 Bc3 55. f5 Bxb4 56. fxe6 fxe6 57. Kf6 Bxc5 58. Kxe6 Bb4 59. Kd7 Bxa5 60. Kc8 b5 61. Kb7 c5 62. Kxa6 Bd2 63. Kxb5 Bxh6 64. Kxc5 1/2-1/2


[Site "https://www.chess.com"]

[Event "Titled Tuesday Blitz April 11 Early 2023"]
[White "Hajiyev, Kanan"]
[Black "Iljin, Timofey"]
[WhiteFideId "13404148"]
[BlackFideId "14110180"]
[WhiteElo "2103"]
[BlackElo "2382"]
[Result "1-0"]
[Round "05"]
[TimeControl "180+2"]
[Date "2023.04.11"]
[WhiteClock "0:01:20"]
[BlackClock "0:01:10"]

1. d4 d5 2. Nf3 Nf6 3. c4 e6 4. cxd5 exd5 5. Nc3 c6 6. Qc2 g6 7. Bg5 Bf5 8. Qb3 b5 9. e3 Be7 10. Be2 O-O 11. O-O a5 12. a4 b4 13. Nb1 Nbd7 14. Rc1 c5 15. dxc5 Nxc5 16. Qd1 Nfe4 17. Bxe7 Qxe7 18. Nbd2 Qf6 19. Nxe4 Nxe4 20. Qd4 1-0


[Site "https://www.chess.com"]

[Event "Titled Tuesday Blitz April 11 Early 2023"]
[White "Deng, Henry"]
[Black "Halldorsson, Halldor"]
[WhiteFideId "30965454"]
[BlackFideId "2301369"]
[WhiteElo "2511"]
[BlackElo "2190"]
[Result "0-1"]
[Round "05"]
[TimeControl "180+2"]
[Date "2023.04.11"]
[WhiteClock "0:01:19"]
[BlackClock "0:01:25"]

1. e4 c5 2. Nc3 d6 3. Bb5+ Bd7 4. Bxd7+ Nxd7 5. f4 g6 6. Nf3 Bg7 7. O-O e6 8. d3 Ne7 9. Qe1 O-O 10. Kh1 Nc6 11. f5 exf5 12. exf5 Nd4 13. Nxd4 Bxd4 14. Nd5 Nf6 15. Bg5 h6 16. Bxf6 Bxf6 17. fxg6 fxg6 18. Qe6+ Kg7 19. Rf3 Bxb2 20. Raf1 Rxf3 21. Rxf3 Qg8 22. Qd7+ Kh8 23. Qxb7 Re8 24. Qxb2+ Qg7 25. Qxg7+ Kxg7 26. Re3 Rb8 27. h4 a5 28. Re7+ Kf8 29. Rh7 Rb2 30. Rxh6 Kg7 31. a4 Kxh6 32. c4 Rd2 33. Nf4 Ra2 34. g4 Rxa4 35. g5+ Kg7 36. Kg2 Ra1 37. Kf3 a4 38. Ne2 a3 39. Nc3 Rc1 40. Ne2 Rc2 41. Nd4 cxd4 0-1


[Site "https://www.chess.com"]

[Event "Titled Tuesday Blitz April 11 Early 2023"]
[White "Leenhouts, Koen"]
[Black "Adelman, Charles"]
[WhiteFideId "1008439"]
[BlackFideId "2003597"]
[WhiteElo "2409"]
[BlackElo "2406"]
[Result "1-0"]
[Round "05"]
[TimeControl "180+2"]
[Date "2023.04.11"]
[WhiteClock "0:00:15"]
[BlackClock "0:00:28"]

1. c4 Nf6 2. Nc3 e6 3. e4 c5 4. e5 Ng8 5. Nf3 Nc6 6. d4 cxd4 7. Nxd4 Nxe5 8. Bf4 f6 9. Be2 Ne7 10. O-O N7g6 11. Bg3 Be7 12. f4 Nc6 13. f5 Nxd4 14. Qxd4 exf5 15. Nd5 O-O 16. c5 b6 17. Bc4 Kh8 18. Nxe7 Qxe7 19. Bd6 Qe4 20. Qxe4 fxe4 21. Bxf8 Nxf8 22. cxb6 axb6 23. Bd5 Ra4 24. b3 Rd4 25. Rad1 Rxd1 26. Rxd1 f5 27. Rc1 Ba6 28. g3 g6 29. Kf2 Kg7 30. Ke3 Kf6 31. Kd4 g5 32. Rc7 Bd3 33. Rb7 b5 34. Rb6+ Ne6+ 35. Bxe6 dxe6 36. a4 bxa4 37. bxa4 f4 38. gxf4 gxf4 39. a5 Kf5 40. a6 e5+ 41. Kc3 Bxa6 42. Rxa6 e3 43. Kd3 Kg4 44. Ke2 e4 45. Ra7 h5 46. Rg7+ Kh4 47. Re7 Kh3 48. Rxe4 Kxh2 49. Rxf4 Kg3 50. Kxe3 h4 51. Rf8 h3 52. Rg8+ Kh2 53. Kf2 Kh1 54. Ra8 Kh2 55. Ra3 1-0


[Site "https://www.chess.com"]

[Event "Titled Tuesday Blitz April 11 Early 2023"]
[White "Nurgaliyeva, Zarina"]
[Black "Namitbir Singh Walia"]
[WhiteFideId "13730096"]
[BlackFideId "35071068"]
[WhiteElo "2134"]
[BlackElo "2239"]
[Result "1-0"]
[Round "05"]
[TimeControl "180+2"]
[Date "2023.04.11"]
[WhiteClock "0:00:34"]
[BlackClock "0:00:04"]

1. e4 c5 2. Nf3 Nc6 3. Bb5 e5 4. O-O Bd6 5. c3 Bc7 6. d4 exd4 7. cxd4 cxd4 8. Nxd4 Nge7 9. Nc3 O-O 10. Bg5 Qe8 11. Re1 Ng6 12. Nd5 Bb8 13. h4 Qe5 14. Nf5 Qh2+ 15. Kf1 Qh1+ 16. Ke2 Qxg2 17. Qd3 Nce5 18. Qe3 Qg4+ 19. f3 Qg2+ 20. Qf2 Qxf2+ 21. Kxf2 h6 22. Be3 a6 23. Be2 Ba7 24. h5 Nh8 25. Nfe7+ Kh7 26. Rac1 Nc6 27. Nf5 Bxe3+ 28. Kxe3 b5 29. Rg1 g6 30. Nf6# 1-0


[Site "https://www.chess.com"]

[Event "Titled Tuesday Blitz April 11 Early 2023"]
[White "Mika, Tomasz"]
[Black "Manukian, Artak"]
[WhiteFideId "1132970"]
[BlackFideId "13301373"]
[WhiteElo "2179"]
[BlackElo "2130"]
[Result "1/2-1/2"]
[Round "05"]
[TimeControl "180+2"]
[Date "2023.04.11"]
[WhiteClock "0:00:04"]
[BlackClock "0:00:17"]

1. Nf3 Nf6 2. c4 g6 3. b4 Bg7 4. Bb2 O-O 5. g3 a5 6. b5 c5 7. Bg2 d6 8. O-O e5 9. e3 Be6 10. Qc2 Qc8 11. Ng5 Bf5 12. d3 h6 13. Nf3 Bh3 14. Nc3 Bxg2 15. Kxg2 Nbd7 16. Ne4 Nxe4 17. dxe4 Nf6 18. h3 g5 19. Nd2 g4 20. Rh1 Rd8 21. Rh2 Kf8 22. Rah1 Ke7 23. hxg4 Qxg4 24. Qd3 Rh8 25. Rh4 Qg6 26. Rd1 Rad8 27. Nb1 h5 28. Nc3 Bh6 29. Nd5+ Nxd5 30. Qxd5 Bg5 31. Rh3 h4 32. Qxb7+ Rd7 33. Qd5 Rg8 34. Bxe5 hxg3 35. Rxg3 Qh5 36. Bf4 Rh8 37. Bxg5+ f6 38. Bxf6+ Kxf6 39. Rf3+ Ke7 40. Qxh5 Rxh5 41. Rf5 Rh4 42. f3 Ke6 43. Rg5 Rdh7 44. Rg6+ Kf7 45. Rgxd6 Rh2+ 46. Kg3 R7h3+ 47. Kf4 Rh4+ 48. Ke5 Rh5+ 49. Kf4 R5h4+ 50. Kg3 R4h3+ 51. Kg4 Rh4+ 52. Kg5 Rh5+ 53. Kf4 R5h4+ 1/2-1/2


[Site "https://www.chess.com"]

[Event "Titled Tuesday Blitz April 11 Early 2023"]
[White "Dwilewicz, Katarzyna"]
[Black "Sandro970"]
[WhiteFideId "1148486"]
[WhiteElo "2065"]
[BlackElo "2457"]
[Result "0-1"]
[Round "05"]
[TimeControl "180+2"]
[Date "2023.04.11"]
[WhiteClock "0:00:02"]
[BlackClock "0:02:19"]

1. e4 c5 2. Nc3 Nc6 3. Nf3 g6 4. Bb5 Bg7 5. O-O e5 6. Re1 d6 7. d3 Ne7 8. a4 O-O 9. h3 h6 10. Bc4 Kh7 11. Nd5 f5 12. exf5 gxf5 13. Nh4 Nxd5 14. Qh5 Nde7 15. Bf7 f4 16. Ng6 Rxf7 17. Nxe5 Nxe5 18. Rxe5 dxe5 19. Qxf7 Bf5 20. Bd2 Bg6 21. Qe6 Nf5 22. Bc3 Nd4 23. Bxd4 exd4 24. Re1 Qf6 25. Qd7 Rf8 26. Re7 f3 27. Qxb7 fxg2 28. Rxg7+ Qxg7 0-1


[Site "https://www.chess.com"]

[Event "Titled Tuesday Blitz April 11 Early 2023"]
[White "a-z30"]
[Black "Sowul, Bartosz"]
[BlackFideId "1137590"]
[WhiteElo "2317"]
[BlackElo "2188"]
[Result "0-1"]
[Round "05"]
[TimeControl "180+2"]
[Date "2023.04.11"]
[WhiteClock "0:00:06"]
[BlackClock "0:00:25"]

1. d3 c5 2. Nf3 d5 3. g3 Nc6 4. Bg2 Nf6 5. O-O g6 6. c4 Bg7 7. Nc3 O-O 8. cxd5 Nxd5 9. Nxd5 Qxd5 10. Be3 Bxb2 11. Nd4 Qd7 12. Nxc6 bxc6 13. Rb1 Bd4 14. Bxd4 Qxd4 15. Bxc6 Bh3 16. Bxa8 Bxf1 17. Bf3 Bh3 18. Rb7 c4 19. Rxe7 cxd3 20. exd3 Rb8 21. Bg2 Rb2 22. Re2 Bg4 23. Re8+ Kg7 24. Qf1 Rxa2 25. h3 Be6 26. Rb8 a5 27. Rb1 a4 28. Qe1 a3 29. Qe3 Qxe3 30. fxe3 Rb2 0-1


[Site "https://www.chess.com"]

[Event "Titled Tuesday Blitz April 11 Early 2023"]
[White "Vanek, Tomas"]
[Black "Titichoca Daza, Daniel"]
[WhiteFideId "313459"]
[BlackFideId "3309550"]
[WhiteElo "2052"]
[BlackElo "2101"]
[Result "1-0"]
[Round "05"]
[TimeControl "180+2"]
[Date "2023.04.11"]
[WhiteClock "0:02:08"]
[BlackClock "0:02:02"]

1. a3 e6 2. d4 Nf6 3. Nc3 c5 4. e3 d5 5. Nf3 Nc6 6. Bb5 Bd6 7. O-O O-O 8. Re1 e5 9. Bxc6 exd4 10. Nxd5 Nxd5 11. Bxd5 Bxh2+ 12. Nxh2 Qxd5 13. exd4 cxd4 14. Be3 Rd8 15. Qxd4 Qxd4 16. Bxd4 Bf5 17. c3 1-0


[Site "https://www.chess.com"]

[Event "Titled Tuesday Blitz April 11 Early 2023"]
[White "Melikhov, Evgeny V."]
[Black "Aung Thant Zin"]
[WhiteFideId "4122046"]
[BlackFideId "13000063"]
[WhiteElo "2158"]
[BlackElo "2278"]
[Result "1/2-1/2"]
[Round "05"]
[TimeControl "180+2"]
[Date "2023.04.11"]
[WhiteClock "0:00:06"]
[BlackClock "0:00:14"]

1. d4 Nf6 2. c4 e6 3. Nc3 Bb4 4. Qc2 c5 5. dxc5 Na6 6. a3 Bxc3+ 7. Qxc3 Nxc5 8. f3 d6 9. e4 O-O 10. b4 Ncd7 11. Be3 Qc7 12. Ne2 b6 13. Rd1 Rd8 14. Nd4 a6 15. Be2 Bb7 16. O-O Rac8 17. Qb2 h6 18. Rd2 Ne5 19. Rc2 Qb8 20. Rfc1 Qa8 21. Bf1 Rc7 22. Rc3 Rdc8 23. Qf2 b5 24. c5 dxc5 25. bxc5 Nc4 26. c6 Bxc6 27. Nxc6 Rxc6 28. Bf4 Nxa3 29. Rxa3 Rxc1 30. Bxc1 Rxc1 31. Qb6 Qc8 32. Rxa6 Qc4 33. Qf2 Nh5 34. h4 Nf4 35. Rb6 Ne2+ 36. Kh2 Qc7+ 37. g3 Nxg3 38. Qxg3 Qxg3+ 39. Kxg3 Rxf1 40. Rxb5 Rc1 41. e5 Re1 42. f4 Re3+ 43. Kg2 Re4 44. Kf3 Rc4 45. h5 Kh7 46. Rb7 Kg8 47. Rb8+ Kh7 48. Rb7 Kg8 49. Rb8+ Kh7 50. Rb7 1/2-1/2


[Site "https://www.chess.com"]